 Dungeon Sprint DCSS version 0.21-a0-39-g28ea6b7 (webtiles) character file.

588 Kidiri the Thaumaturge (level 7, 0/44 HPs)
             Began as a Deep Elf Fire Elementalist on May 31, 2017.
             Slain by a neqoxec (6 damage)
             ... in the Dungeon (Sprint II: "The Violet Keep of Menkaure").
             The game lasted 00:02:14 (287 turns).

Kidiri the Thaumaturge (Deep Elf Fire Elementalist)  Turns: 287, Time: 00:02:15

Health: 0/44       AC:  2    Str:  3      XL:     7   Next: 15%
Magic:  2/23       EV: 16    Int: 22      God:
Gold:   243        SH:  0    Dex: 12 (15) Spells: 10/28 levels left

rFire    . . .     SeeInvis .   (no weapon)
rCold    + . .     Gourm    .   (no shield)
rNeg     . . .     Faith    .   a - +0 robe
rPois    .         Spirit   .   (no helmet)
rElec    .         Reflect  .   (no cloak)
rCorr    .         Harm     .   (no gloves)
MR       .....     NoTele   +   (no boots)
Stlth    ++........             (no amulet)
Regen    0.2/turn               (no ring)
MPRegen  0.2/turn               (no ring)

@: berserk cooldown, slowed, very slow
A: cold resistance 1, screaming 1, weak 1
a: no special abilities


You were in the Dungeon.
You were not hungry.

You visited 1 branch You collected 243 gold pieces.

Inventory:

Armour
 a - a +0 robe (worn)
Scrolls
 i - a scroll of blinking
Potions
 f - a potion of haste
Books
 b - a book of Flames

   Spells                             Type                      Level
   a - Flame Tongue                   Conjuration/Fire             1
   b - Throw Flame                    Conjuration/Fire             2
   c - Conjure Flame                  Conjuration/Fire             3
   d - Inner Flame                    Hexes/Fire                   3
   e - Sticky Flame                   Conjuration/Fire             4
   f - Fireball                       Conjuration/Fire             5
Comestibles
 c - a bread ration


   Skills:
 + Level 4.7 Fighting
 + Level 4.6 Armour
 + Level 7.4 Dodging
 - Level 2.4 Stealth
 * Level 11.1 Spellcasting
 + Level 6.3 Conjurations
 + Level 7.3 Fire Magic


You had 10 spell levels left.
You knew the following spells:

 Your Spells              Type           Power        Failure   Level  Hunger
a - Flame Tongue          Conj/Fire      #####        1%          1    None
b - Throw Flame           Conj/Fire      #####.       1%          2    None
c - Conjure Flame         Conj/Fire      #####...     1%          3    None
d - Inner Flame           Hex/Fire       ####....     3%          3    None
e - Sticky Flame          Conj/Fire      #####...     3%          4    #......
f - Fireball              Conj/Fire      #####.....   9%          5    ####...


Dungeon Overview and Level Annotations

Branches:
Dungeon (1/1)

Altars:


Innate Abilities, Weirdness & Mutations

Your flesh is cold resistant. (rC+)
You occasionally shout uncontrollably at your foes.
You are weak. (Str -2)


Message History

The iron imp barely misses you. The quasit closely misses you.
The quasit barely misses you. The quasit closely misses you.
The iron imp disappears for a moment.
The neqoxec completely misses you.
You barely miss the neqoxec.
The neqoxec is heavily wounded.
The white imp is engulfed in blazing flames.
You kill the white imp!
The quasit bites you.
* * * LOW HITPOINT WARNING * * *
The quasit closely misses you. The quasit claws you.
* * * LOW HITPOINT WARNING * * *
You feel clumsy. The iron imp closely misses you.
You closely miss the neqoxec.
The neqoxec is heavily wounded.
You are no longer berserk.
You are exhausted.
You feel yourself slow down. The neqoxec hits you.
You die...

## ### 5##5.
### .35
##.###ยง# #
#...##5###a.#
+##%+355+$#
#...##@###a.#
##.###+# #
### .#. .w w.
##. $## ## ##


You could see 2 neqoxecs, 3 iron imps, a quasit and an ufetubus.

Vanquished Creatures
  2 neqoxecs (D)
  4 necrophages (D)
6 creatures vanquished.

Vanquished Creatures (others)
  Menkaure (D)
  A crocodile (D)
2 creatures vanquished.

Grand Total: 8 creatures vanquished

Notes
Turn   | Place    | Note
-------+----------+-------------------------------------------
     0 | D        | Kidiri the Deep Elf Fire Elementalist began the quest for the Orb.
     0 | D        | Reached XP level 1. HP: 10/10 MP: 6/6
     1 | D        | Noticed a worker ant
     1 | D        | Noticed a worker ant
     5 | D        | Noticed a tyrant leech
     5 | D        | Noticed a tyrant leech
     9 | D        | Noticed a necrophage
     9 | D        | Noticed a necrophage
     9 | D        | Noticed a necrophage
     9 | D        | Noticed a necrophage
    20 | D        | Killed a necrophage
    20 | D        | Reached skill level 6 in Spellcasting
    20 | D        | Reached XP level 2. HP: 14/17 MP: 4/11
    20 | D        | Reached XP level 3. HP: 17/21 MP: 4/13
    20 | D        | Reached XP level 4. HP: 21/26 MP: 4/14
    24 | D        | Killed a necrophage
    24 | D        | Reached skill level 5 in Dodging
    24 | D        | Reached skill level 8 in Spellcasting
    24 | D        | Reached skill level 5 in Fire Magic
    24 | D        | Reached XP level 5. HP: 12/31 MP: 1/17
    28 | D        | Killed a necrophage
    28 | D        | Reached skill level 9 in Spellcasting
    28 | D        | Reached skill level 5 in Conjurations
    33 | D        | Killed a necrophage
    33 | D        | Reached XP level 6. HP: 10/36 MP: 11/20
    37 | D        | Learned a level 2 spell: Throw Flame
    41 | D        | Learned a level 3 spell: Conjure Flame
    45 | D        | Learned a level 3 spell: Inner Flame
    50 | D        | Learned a level 4 spell: Sticky Flame
    56 | D        | Learned a level 5 spell: Fireball
    56 | D        | Killed Menkaure
   255 | D        | Noticed a neqoxec
   255 | D        | Noticed a neqoxec
   255 | D        | Noticed a neqoxec
   255 | D        | Noticed a neqoxec
   261 | D        | Killed a neqoxec
   261 | D        | Reached skill level 10 in Spellcasting
   270 | D        | Gained mutation: You occasionally shout uncontrollably at your foes. [a neqoxec]
   270 | D        | Gained mutation: Your flesh is cold resistant. (rC+) [a neqoxec]
   272 | D        | Killed a neqoxec
   272 | D        | Reached skill level 11 in Spellcasting
   272 | D        | Reached XP level 7. HP: 44/44 MP: 0/23
   281 | D        | Gained mutation: You are weak. (Str -2) [a neqoxec]
   287 | D        | Slain by a neqoxec

Vault maps used:
D:        the_violet_keep_of_menkaure

Skill      XL: |  1  2  3  4  5  6 |
---------------+-------------------+-----
Fighting       | 2 3 4 |  4.7
Armour         | 2 3 4 |  4.6
Dodging        | 4 5 6 7 |  7.4
Spellcasting   | 6 8 9 11 | 11.1
Conjurations   | 3 4 5 6 |  6.3
Fire Magic     | 4 5 6 7 |  7.3
Stealth        | |  2.4

Action                   |  1- 3 |  4- 6 |  7- 9 || total
-------------------------+-------+-------+-------++-------
Melee: Unarmed           |       |     2 |    15 ||    17
 Cast: Flame Tongue      |     7 |    20 |       ||    27
       Sticky Flame      |       |     3 |       ||     3
       Conjure Flame     |       |     1 |       ||     1
  Use: Potion            |     2 |     3 |       ||     5
Armor: Robe              |     1 |     9 |     8 ||    18
Dodge: Dodged            |     5 |    37 |    28 ||    70
